 Dungeon Crawl Stone Soup version 0.15.2 (webtiles) character file.

3 magipi the Chopper (level 1, 0/18 HPs)
             Began as a Hill Orc Skald on Aug 28, 2015.
             Slain by a bat (1 damage)
             ... on Level 1 of the Dungeon.
             The game lasted 00:00:47 (75 turns).

magipi the Chopper (Hill Orc Skald)                   Turns: 75, Time: 00:00:47

HP   0/18        AC  3     Str 14      XL: 1   Next: 50%
MP   0/2         EV 10     Int 12      God:
Gold 5           SH  0     Dex 10      Spells:  1 memorised,  2 levels left

rFire  . . .     SeeInvis .     a - +0 hand axe
rCold  . . .     Clarity  .     b - +0 leather armour
rNeg   . . .     rCorr    .     (no shield)
rPois  .         rRot     .     (no helmet)
rElec  .         Spirit   .     (no cloak)
SustAb .         Warding  .     (no gloves)
rMut   .         Stasis   .     (no boots)
Gourm  .                        (no amulet)
MR     .....                    (no ring)
                                (no ring)

@: not resistant to hostile enchantments, very unstealthy
A: no striking features
a: no special abilities


You were on level 1 of the Dungeon.
You were not hungry.

You visited 1 branch of the dungeon, and saw 1 of its levels.

You collected 5 gold pieces.

Inventory:

Hand weapons
 a - a +0 hand axe (weapon)
Armour
 b - a +0 leather armour (worn)
Comestibles
 d - a meat ration
Jewellery
 e - an uncursed amulet of guardian spirit {unknown}
Books
 c - a book of Battle

   Spells                             Type                      Level
   *Infusion                          Charms                       1
   Shroud of Golubria                 Charms/Translocation         2
   Song of Slaying                    Charms                       2
   Spectral Weapon                    Hexes/Charms                 3
   Regeneration                       Charms/Necromancy            3


   Skills:
 - Level 2.4 Fighting
 + Level 3.1 Axes
 - Level 1.1 Armour
 - Level 0.7 Dodging
 - Level 1.5 Spellcasting
 - Level 2.6 Charms


You had 2 spell levels left.
You knew the following spells:

 Your Spells              Type           Power        Failure   Level  Hunger
a - Infusion              Chrm           #.....       12%         1    ##.....


Dungeon Overview and Level Annotations

Branches:
Dungeon (1/15)

Altars:

Vault maps used:
D:1:      minmay_arrival_stair_chambers


Message History

The jackal is heavily wounded.
The jackal misses you. The jackal barely misses you.
You closely miss the jackal.
The jackal is heavily wounded.
The jackal closely misses you.
You hit the jackal.
The jackal is almost dead.
The jackal closely misses you.
The jackal bites you but does no damage.
You miss the jackal.
The jackal is almost dead.
The jackal barely misses you.
The jackal bites you but does no damage.
You hit the jackal but do no damage.
The jackal is almost dead.
The jackal closely misses you.
You hit the jackal but do no damage.
The jackal is almost dead.
The jackal closely misses you. The jackal misses you.
You barely miss the jackal.
The jackal is almost dead.
The jackal bites you but does no damage.
The jackal closely misses you.
You miss the jackal.
The jackal is almost dead.
The jackal bites you but does no damage.
Casting: Infusion
Confirm with . or Enter, or press ? or * to list all spells.
You begin infusing your attacks with magical energy.
The jackal closely misses you. The jackal barely misses you.
Unknown command.
You miss the jackal.
The jackal is almost dead.
The jackal closely misses you. The jackal bites you.
You barely miss the jackal.
The jackal is almost dead.
The jackal bites you.
You hit the jackal!
You kill the jackal!
Your Axes skill increases to level 3!
The jackal bites you.
You hit the jackal but do no damage. The jackal closely misses you.
You closely miss the jackal. The jackal bites you.
The jackal barely misses you.
You barely miss the jackal.
The jackal bites you but does no damage.
The jackal bites you.
You hit the jackal but do no damage.
The jackal bites you but does no damage.
You barely miss the jackal.
Your magical infusion is running out.
The jackal closely misses you. The jackal barely misses you.
You barely miss the jackal. The jackal misses you.
You closely miss the jackal.
The jackal bites you but does no damage.
The jackal barely misses you.
A bat comes into view.
You hit the jackal.
The jackal is moderately wounded.
The jackal barely misses you. The jackal bites you.
You hit the jackal.
The jackal is heavily wounded.
The bat hits you but does no damage. The jackal bites you.
* * * LOW HITPOINT WARNING * * *
You barely miss the jackal.
The jackal is heavily wounded.
You are no longer magically infusing your attacks.
The bat hits you but does no damage. The jackal bites you.
* * * LOW HITPOINT WARNING * * *
The jackal bites you but does no damage.
You barely miss the jackal.
The jackal is heavily wounded.
The jackal closely misses you. The bat hits you but does no damage.
The jackal bites you.
* * * LOW HITPOINT WARNING * * *
Unknown command.
Your leather armour prevents you from hitting the jackal.
The jackal is heavily wounded.
The bat hits you but does no damage. The jackal closely misses you.
Unknown command.
You hit the jackal.
The jackal is almost dead.
The bat hits you but does no damage.
The jackal bites you but does no damage.
The bat hits you.
* * * LOW HITPOINT WARNING * * *
The jackal closely misses you.
You closely miss the jackal.
The jackal is almost dead.
The bat closely misses you. The jackal closely misses you.
Unknown command.
You closely miss the jackal.
The jackal is almost dead.
The bat hits you but does no damage. The jackal barely misses you.
The jackal bites you but does no damage.
Unknown command.
You hit the jackal.
You kill the jackal!
The bat hits you.
You die...

#.....#...#
#.....#####
#######'###
#.#.#)#...#
####.#.#..#..#
##.......#.........
####................#
.......b.........##...
.#######@######.## ..
#####%######.##...
###........h.........
...................#
###..........#..###
...................
###..........#######
#..........#
############


You could see a bat.

Table legend:
 A = Kills in this place as a percentage of kills in entire the game.
 B = Kills by you in this place as a percentage of kills by you in the entire game.
 C = Kills by friends in this place as a percentage of kills by friends in the entire game.
 D = Other kills in this place as a percentage of other kills in the entire game.
 E = Experience gained in this place as a percentage of experience gained in the entire game.
 F = Experience gained in this place divided by the number of levels of this place that you have seen.
                   A       B       C       D       E      F
               +-------+-------+-------+-------+-------+----------------------
         Total | 100.0 | 100.0 |  -nan |  -nan | 100.0 |   5.0
       Dungeon | 100.0 | 100.0 |  -nan |  -nan | 100.0 |   5.0
               +-------+-------+-------+-------+-------+----------------------

Vanquished Creatures
  2 jackals (D:1)
  A rat (D:1)
3 creatures vanquished.

Notes
Turn   | Place    | Note
--------------------------------------------------------------
     0 | D:1      | magipi, the Hill Orc Skald, began the quest for the Orb.
     0 | D:1      | Reached XP level 1. HP: 18/18 MP: 2/2
    59 | D:1      | Reached skill level 3 in Axes
    75 | D:1      | Slain by a bat

Action                   || total
-------------------------++-------
Melee: Hand axe          ||    34
 Cast: Infusion          ||     1

Action                   || total
-------------------------++-------
Melee: Hand axe          ||    34
 Cast: Infusion          ||     1

Action                   || total
-------------------------++-------
Melee: Hand axe          ||    34
 Cast: Infusion          ||     1
